 Dungeon Crawl Stone Soup version 0.17.1-1-g73c8601 (webtiles) character file.

263 PriceChild the Shield-Bearer (level 6, 0/48 HPs)
             Began as a Formicid Fighter on Dec 11, 2015.
             Slain by a centaur (6 damage)
             ... on level 6 of the Dungeon.
             The game lasted 00:12:52 (2266 turns).

PriceChild the Shield-Bearer (Formicid Fighter)     Turns: 2266, Time: 00:12:52

Health: 0/48       AC:  7    Str: 22    XL:     6   Next: 43%
Magic:  6/6        EV:  9    Int:  8    God:
Gold:   120        SH: 10    Dex: 10    Spells: 0 memorised, 5 levels left

rFire  . . .     SeeInvis +     a - +0 long sword
rCold  . . .     Clarity  .     b - +0 scale mail
rNeg   . . .     SustAt   .     c - +0 shield
rPois  .         Gourm    .     (helmet unavailable)
rElec  .         Spirit   .     (no cloak)
rCorr  .         Warding  .     (no gloves)
rMut   .         Stasis   +     (no boots)
MR     .....                    (no amulet)
Stlth  ..........               (no ring)
                                (no ring)

@: not resistant to hostile enchantments, extremely unstealthy
A: permanent stasis, dig shafts and tunnels, four strong arms, antennae 3
a: Dig, Shaft Self


You were on level 6 of the Dungeon.
You were not hungry.

You visited 1 branch of the dungeon, and saw 4 of its levels.

You collected 120 gold pieces.

Inventory:

Hand Weapons
 a - a +0 long sword (weapon)
Missiles
 j - a throwing net (quivered)
Armour
 b - a +0 scale mail (worn)
 c - a +0 shield (worn)
Scrolls
 e - 3 scrolls of identify
 l - a scroll of enchant armour {unknown}
 m - a scroll of remove curse
 n - a scroll of fear {unknown}
Potions
 d - a potion of might
 f - 2 potions of curing
 i - a potion of haste {unknown}
Comestibles
 g - 3 fruits
 h - 2 bread rations
 k - a beef jerky


   Skills:
 + Level 4.1 Fighting
 + Level 3.3 Long Blades
 + Level 4.3 Armour
 + Level 2.1 Dodging
 + Level 0.3 Stealth
 + Level 5.0 Shields


You had 5 spell levels left.
You didn't know any spells.

Dungeon Overview and Level Annotations

Branches:
Dungeon (6/15)
 Temple: D:4-7

Altars:


Innate Abilities, Weirdness & Mutations

You are under a permanent stasis effect.
You can dig through walls and to a lower floor.
Your four strong arms can wield two-handed weapons with a shield.
You have a pair of large antennae on your head (SInv).


Message History

* * * LOW HITPOINT WARNING * * *
You block the centaur's attack.
You hit the centaur.
The centaur is moderately wounded.
The giant frog barely misses you. The centaur closely misses you.
You block the giant gecko's attack. The giant frog closely misses you.
You block the centaur's attack.
The giant gecko bites you but does no damage.
You closely miss the centaur.
The centaur is moderately wounded.
The giant frog barely misses you. The centaur hits you.
* * * LOW HITPOINT WARNING * * *
The giant gecko bites you.
* * * LOW HITPOINT WARNING * * *
The giant frog hits you but does no damage.
You block the centaur's attack. You block the giant gecko's attack.
You hit the centaur.
The centaur is moderately wounded.
The centaur hits you.
You die...

##'## ####)## ......
......# ...#. . #####.#
.... .. #.# ....#.# #.#
###...... #.# #..{...#
#.# #.##F.# ## #.#
###.#@cO#
#...#.######.....l.#
....................#
#...#.##.###...........
##.##.##.# ##..#.#.##.#
#. #.##.# #......# .. #
#.##.# #.###### .
.....# #.# ..#### #.#


You could see an ogre, a giant frog, a centaur and a giant gecko.

Vanquished Creatures
  An ogre (D:6)
  Natasha (twice) (D:3)
  6 adders
  6 worms
  3 giant geckos
  9 bats
  6 goblins (D:1)
  6 hobgoblins
  4 jackals (D:1)
  13 kobolds
  2 quokkas (D:2)
  3 giant cockroaches
  3 giant newts
  7 rats
71 creatures vanquished.

Notes
Turn   | Place    | Note
--------------------------------------------------------------
     0 | D:1      | PriceChild the Formicid Fighter began the quest for the Orb.
     0 | D:1      | Reached XP level 1. HP: 18/18 MP: 1/1
    61 | D:1      | Reached XP level 2. HP: 20/24 MP: 2/2
   435 | D:1      | Reached XP level 3. HP: 21/29 MP: 3/3
   889 | D:1      | Reached skill level 4 in Shields
   979 | D:2      | Reached skill level 1 in Dodging
  1027 | D:2      | Reached XP level 4. HP: 30/37 MP: 4/4
  1435 | D:2      | Reached XP level 5. HP: 40/42 MP: 5/5
  1599 | D:2      | Found a faded altar to an unknown god.
  1900 | D:3      | Noticed Natasha
  1910 | D:3      | Killed Natasha
  2048 | D:3      | Noticed Natasha
  2054 | D:3      | Killed Natasha
  2070 | D:3      | You fall through a shaft for 3 floors!
  2082 | D:6      | Noticed an ogre
  2092 | D:6      | Killed an ogre
  2092 | D:6      | Reached skill level 5 in Shields
  2092 | D:6      | Reached XP level 6. HP: 25/48 MP: 6/6
  2255 | D:6      | Noticed a centaur
  2263 | D:6      | Noticed an ogre
  2266 | D:6      | Slain by a centaur

Action                   |  1- 3 |  4- 6 || total
-------------------------+-------+-------++-------
Melee: Long sword        |   126 |   183 ||   309
  Use: Scroll            |     4 |     3 ||     7
  Eat: Bread ration      |     1 |       ||     1
       Fruit             |       |     1 ||     1
